 Dungeon Crawl Stone Soup version 0.29.0-13-gc9e81de378 (webtiles) character file.

Game seed: 18365318420543367850

3810 SensoryNuts the Carver (level 9, 0/67 HPs)
             Began as a Demonspawn Fighter on Sept 7, 2022.
             Slain by a yak (7 damage)
             ... on level 7 of the Dungeon.
             The game lasted 00:07:32 (8078 turns).

SensoryNuts the Carver (Demonspawn Fighter)         Turns: 8078, Time: 00:07:32

Health: 0/67       AC:  8    Str: 16    XL:     9   Next: 96%
Magic:  9/9        EV: 12    Int: 12    God:
Gold:   337        SH:  5    Dex: 17    Spells: 8/8 levels left

rFire   . . .      SeeInvis +   a - +3 long sword
rCold   + + +      Faith    .   c - +0 buckler
rNeg    . . .      Spirit   .   t - +4 skin of Zhor {*Englaciate rC+++ SInv}
rPois   .          Reflect  .   (helmet restricted)
rElec   .          Harm     .   d - +0 cloak
rCorr   .          Rampage  .   (no gloves)
Will    .....                   i - +0 pair of boots
Stlth   ++........              (no amulet)
HPRegen 0.21/turn               (no ring)
MPRegen 0.22/turn               (no ring)

@: brilliant, lethally poisoned (0 -> -7), invisible
A: antennae 1, powered by death 2, magic regeneration, big brain 1
a: no special abilities


You were on level 7 of the Dungeon.
You visited 2 branches of the dungeon, and saw 9 of its levels.

You collected 337 gold pieces.

Inventory:

Hand Weapons
 a - a +3 long sword (weapon)
Armour
 c - a +0 buckler (worn)
 d - a +0 cloak (worn)
 i - a +0 pair of boots (worn)
 t - the +4 skin of Zhor (worn) {*Englaciate rC+++ SInv}
   (You found it on level 7 of the Dungeon)

   It radiates cold, occasionally slowing all nearby creatures who are not
   resistant to cold.
   rC:        It renders you almost immune to cold.
   SInv:      It lets you see invisible.
Wands
 b - a wand of polymorph (3)
 j - a wand of quicksilver (10)
 n - a wand of digging (4)
Scrolls
 f - a scroll of teleportation
 k - a scroll of identify
 r - a scroll of poison {unknown}
 s - a scroll of silence {unknown}
Potions
 e - 4 potions of lignification
 g - a potion of cancellation
 h - 2 potions of flight
 l - a potion of mutation
 m - a potion of attraction
 p - a potion of invisibility
 q - a potion of brilliance


   Skills:
 + Level 4.8 Fighting
 * Level 13.6 Long Blades
 + Level 4.5 Armour
 + Level 2.4 Dodging
 + Level 1.9 Stealth
 + Level 3.5 Shields


You had 8 spell levels left.
You didn't know any spells.
Your spell library contained the following spells:

 Spells                   Type           Power      Damage    Failure   Level
 Freeze                   Ice            0%         1d3       41%         1
 Frozen Ramparts          Ice            0%         1d1       78%         3
 Ignite Poison            Fire/Tmut/Pois 0%         N/A       78%         3
 Mephitic Cloud           Conj/Pois/Air  0%         N/A       78%         3
 Tukima's Dance           Hex            0%         N/A       78%         3
 Hailstorm                Conj/Ice       0%         3d3       99%         4
 Passage of Golubria      Tloc           0%         N/A       99%         4
 Freezing Cloud           Conj/Ice/Air   0%         6-21      100%        5
 Yara's Violent Unravell  Hex/Tmut       0%         3d3       100%        5


Dungeon Overview and Level Annotations

Branches:
Dungeon (8/15)             Temple (1/1) D:4
   Lair: D:8-11

Altars:
Ashenzari
Cheibriados
Gozag
Hepliaklqana
Kikubaaqudgha
Makhleb
Nemelex Xobeh
Qazlal
Ru
Sif Muna
Trog
Uskayaw
Vehumet
Wu Jian
Xom
Yredelemnul

Annotations:
D:4 1 runed translucent door, videwesjr's ghost, amateur BaFi


Innate Abilities, Weirdness & Mutations

You have a pair of small antennae on your head.
You regenerate health from kills.
You regenerate magic rapidly.
You have an unusually large brain. (Int +2)


Message History

You are too injured to fight recklessly!
You hit the killer bee.
The killer bee is lightly wounded.
You feel sick. The yak barely misses you. The yak gores you.
You block the kobold's attack. You block the killer bee's attack.
You closely miss the killer bee.
The killer bee is lightly wounded.
You feel sick. The killer bee barely misses you. The yak barely misses you.
The kobold hits you but does no damage. The yak barely misses you.
You hit the killer bee but do no damage.
The killer bee is lightly wounded.
You feel sick.
The yak is no longer moving slowly.
You block the killer bee's attack.
You barely miss the killer bee.
The killer bee is lightly wounded.
You feel sick. You block the yak's attack. The killer bee barely misses you.
The yak gores you but does no damage. You block the kobold's attack.
You slash the killer bee!
The killer bee is severely wounded.
You radiate an aura of cold.
The killer bee seems to slow down.
The yak seems to slow down. x2; The kobold seems to slow down.
You feel sick. The killer bee stings you.
* * * LOW HITPOINT WARNING * * *
You miss the killer bee.
The killer bee is severely wounded.
You feel sick. The yak barely misses you. The yak misses you.
The killer bee stings you!
* * * LOW HITPOINT WARNING * * *
You are lethally poisoned!
The killer bee poisons you! The kobold barely misses you.
It was a potion of invisibility.
You fade into invisibility!
* * * LOW HITPOINT WARNING * * *
You feel sick. The killer bee barely misses you.
Unknown command.
It was a potion of brilliance.
You feel clever all of a sudden.
* * * LOW HITPOINT WARNING * * *
You feel sick. The killer bee misses you. The yak gores you!
You die...

#.......#.########
#.#######.........
###.### ##########
#.....# #####.....###
#...........#
#.###.....#.# #.#
#.KYY.#.############ #.#
###@###<#........... #.#
#y###..[.######### #.#
#............##### #.#
#####....###...... #.#
#.#.## ####### #.# #.#[#
# #># #.#.####### #
#.#########.#.......# #
#...........#######.####


You could see 2 yaks, a killer bee (unable to see you, slow) and a kobold
(unable to see you, slow).

Vanquished Creatures
  Pikel (D:4)
  A wyvern (D:7)
  3 steam dragons
  Menkaure (D:4)
  A sky beast (D:7)
  An ice beast (D:7)
  2 ogres
  2 centaurs
  2 bullfrogs
  2 necrophages (D:6)
  2 scorpions
  7 wights (D:7)
  2 killer bees (D:8)
  3 hounds
  Crazy Yiuf (D:3)
  2 orc priests (D:8)
  A jelly (D:6)
  8 orc wizards
  4 iguanas
  7 gnolls
  4 adders
  An ufetubus (D:6)
  3 worms
  9 orcs
  5 endoplasms
  A giant cockroach (D:1)
  6 goblins (D:1)
  8 hobgoblins
  3 quokkas
  2 ball pythons
  4 bats
  3 frilled lizards
  5 kobolds
  5 rats
112 creatures vanquished.

Vanquished Creatures (others)
  An orc wizard (D:7)
1 creature vanquished.

Grand Total: 113 creatures vanquished

Notes
Turn   | Place    | Note
-------+----------+-------------------------------------------
     0 | D:1      | SensoryNuts the Demonspawn Fighter began the quest for the
                  | Orb.
     0 | D:1      | Reached XP level 1. HP: 18/18 MP: 1/1
     2 | D:1      | Noticed a vampire
     2 | D:1      | Noticed a demonspawn
     4 | D:1      | Noticed a meteoran
     4 | D:1      | Noticed a demigod
     6 | D:1      | Noticed an octopode
     6 | D:1      | Noticed a troll
     8 | D:1      | Noticed an ogre
     8 | D:1      | Noticed a draconian
    10 | D:1      | Noticed a merfolk
    10 | D:1      | Noticed a vine stalker
    12 | D:1      | Noticed a tengu
    12 | D:1      | Noticed a naga
    14 | D:1      | Noticed a ghoul
    17 | D:1      | Noticed a palentonga
    19 | D:1      | Noticed a felid
    21 | D:1      | Noticed a formicid
    21 | D:1      | Noticed a human
    23 | D:1      | Noticed an elf
    23 | D:1      | Noticed a spriggan
    25 | D:1      | Noticed a minotaur
    25 | D:1      | Noticed a merfolk
    27 | D:1      | Noticed a gargoyle
   204 | D:1      | Reached skill level 2 in Long Blades
   324 | D:1      | Gained mutation: You have an unusually large brain. (Int
                  | +2) [demonic ancestry]
   324 | D:1      | Reached XP level 2. HP: 13/24 MP: 2/2
   623 | D:1      | Found a faded altar of an unknown god.
   730 | D:1      | Reached XP level 3. HP: 29/29 MP: 3/3
  1372 | D:2      | Reached skill level 3 in Long Blades
  1376 | D:2      | Gained mutation: You regenerate magic rapidly. [demonic
                  | ancestry]
  1376 | D:2      | Reached XP level 4. HP: 28/35 MP: 4/4
  2152 | D:3      | Found a snail-covered altar of Cheibriados.
  2440 | D:3      | Found a burning altar of Makhleb.
  2714 | D:3      | Found a runed translucent door.
  2715 | D:3      | Noticed Crazy Yiuf
  2863 | D:3      | Killed Crazy Yiuf
  2962 | D:4      | Gained mutation: You regenerate a little health from kills.
                  | [demonic ancestry]
  2962 | D:4      | Reached XP level 5. HP: 40/41 MP: 5/5
  2981 | D:4      | HP: 1/41 [gnoll/+0 flail (8)]
  3312 | D:4      | Reached skill level 4 in Long Blades
  3540 | D:4      | Found a broken altar of Ashenzari.
  3712 | D:4      | Found a runed translucent door.
  3712 | D:4      | Noticed videwesjr's ghost (amateur BaFi)
  3724 | D:4      | Noticed Menkaure
  3732 | D:4      | Killed Menkaure
  3733 | D:4      | Gained mutation: You have a pair of small antennae on your
                  | head. [demonic ancestry]
  3733 | D:4      | Reached XP level 6. HP: 17/47 MP: 6/6
  4061 | D:4      | Noticed Pikel
  4075 | D:4      | Killed Pikel
  4076 | D:4      | Reached skill level 6 in Long Blades
  4076 | D:4      | Reached skill level 1 in Dodging
  4076 | D:4      | Gained mutation: You regenerate health from kills. [demonic
                  | ancestry]
  4076 | D:4      | Reached XP level 7. HP: 5/54 MP: 7/7
  4337 | D:4      | Found a staircase to the Ecumenical Temple.
  4373 | D:4      | Found a shimmering blue altar of Sif Muna.
  4642 | Temple   | Entered the Ecumenical Temple
  4918 | D:4      | Reached skill level 12 in Long Blades
  4918 | D:4      | Reached XP level 8. HP: 60/60 MP: 8/8
  5011 | D:5      | Entered Level 5 of the Dungeon
  5123 | D:5      | Found a bloodstained altar of Trog.
  5283 | D:5      | Identified the +4 glaive "Wudogg" {vorpal, *Rage rCorr
                  | Dex+4}
  5330 | D:5      | Found an ancient bone altar of Kikubaaqudgha.
  6038 | D:6      | Reached XP level 9. HP: 47/62 MP: 9/9
  6045 | D:6      | Reached skill level 13 in Long Blades
  6663 | D:7      | Reached skill level 1 in Stealth
  6727 | D:7      | Found the +4 skin of Zhor {*Englaciate rC+++ SInv}
  8078 | D:7      | Slain by a yak

Illustrated notes

Levels and vault maps discovered:
D:1:      kb_arrival_jail, layout_loops_ring, basic_ecumenical_altar
D:2:      layout_loops_cross
D:3:      layout_rooms, cheibrodos_worm_habitat, mainiacjoe_overflow_24_doors,
          minmay_door_square, uniq_crazy_yiuf_cottage
D:4:      layout_gridville, mainiacjoe_overflow_alcove_2,
          ashenzari_conservatory_becter, minmay_temple_entry_enclosed_plants,
          hellmonk_ghost_happy_afterlife, minmay_misc_feat_roman,
          nicolae_figureground_sparkle, uniq_pikel, uniq_menkaure
D:5:      layout_basic, bloody_trog, kiku_gazebo_garden_becter,
          serial_bayou_pond_d
D:6:      layout_cave_pods
D:7:      layout_loops_ring
D:8:      layout_cave_pools, minitemple, skrybe_limestone_x
Temple:   chequers_temple_sunken

Skill      XL: |  1  2  3  4  5  6  7  8  9 |
---------------+----------------------------+-----
Long Blades    | 2 3 4 6 12 13 | 13.6
Armour         | 3 4 |  4.5
Fighting       | 4 |  4.8
Dodging        | 1 2 |  2.4
Shields        | 3 |  3.5
Stealth        | 1 |  1.9

Action                   |  1- 3 |  4- 6 |  7- 9 || total
-------------------------+-------+-------+-------++-------
Melee: Long sword        |    82 |    96 |   276 ||   454
  Use: Scroll            |       |    13 |     6 ||    19
       Potion            |       |     3 |     6 ||     9
 Stab: Sleeping          |       |       |     2 ||     2
       Distracted        |       |       |     1 ||     1
Armor: Scale mail        |    32 |    57 |    19 ||   108
       Steam dragon scal |       |       |    43 ||    43
       Animal skin       |       |       |    34 ||    34
Dodge: Dodged            |    33 |    32 |   155 ||   220
Block: Buckler           |    12 |    26 |    67 ||   105
